 Dungeon Crawl Stone Soup version 0.19.4-8-ga85b6b9 (console) character file.

95 Grinner the Ducker (level 4, 0/31 HPs)
             Began as a Spriggan Transmuter on Feb 13, 2017.
             Succumbed to a killer bee's poison
             ... on level 4 of the Dungeon.
             The game lasted 00:08:11 (3586 turns).

Grinner the Ducker (Spriggan Transmuter)            Turns: 3586, Time: 00:08:11

Health: 0/31       AC: 22    Str: 12    XL:     4   Next: 40%
Magic:  8/10       EV:  4    Int: 14    God:
Gold:   106        SH:  0    Dex: 16    Spells: 1 memorised, 9 levels left

rFire  + . .     SeeInvis +       - Unarmed
rCold  + . .     Gourm    .     (armour currently unavailable)
rNeg   + + +     Faith    +     (shield restricted)
rPois  +         Spirit   .     (helmet currently unavailable)
rElec  +         Reflect  .     (cloak currently unavailable)
rCorr  +         Harm     .     (gloves unavailable)
MR     .....     NoTele   +     (boots unavailable)
Stlth  +.........               h - amulet of faith
                                (no ring)
                                o - ring of resist corrosion

@: mighty, lethally poisoned (0 -> -10), exhausted, tree-form, resistant, very
slightly contaminated, hasted and slowed, glowing
A: unfitting armour, see invisible, blink, herbivore 3, (speed 0), (poison
resistance), screaming 1, slow metabolism 2
a: Blink


You were on level 4 of the Dungeon.
You were not hungry.
You were a tree.
You visited 1 branch of the dungeon, and saw 4 of its levels.

You collected 106 gold pieces.

Inventory:

Missiles
 a - 55 arrows
Armour
 b - a +0 robe (melded)
Jewellery
 h - an amulet of faith (around neck)
 o - a ring of resist corrosion (left branch)
Wands
 v - a wand of iceblast (9/15)
Scrolls
 e - 2 scrolls of identify {unknown}
 l - a scroll of remove curse {unknown}
 n - 3 scrolls of magic mapping {unknown}
 r - a scroll of teleportation {unknown}
 t - a scroll of noise {unknown}
 u - a scroll of fog {unknown}
 w - a scroll of enchant weapon {unknown}
Potions
 q - 2 potions of haste
Books
 c - a book of Changes

   Spells                             Type                      Level
   a - Beastly Appendage              Transmutation                1
   b - Sticks to Snakes               Transmutation                2
   c - Spider Form                    Transmutation/Poison         3
   d - Ice Form                       Ice/Transmutation            4
   e - Blade Hands                    Transmutation                5
Comestibles
 d - a bread ration
 f - a slice of pizza
 g - 2 fruits


   Skills:
 - Level 0.7 Fighting
 * Level 5.0 Dodging
 * Level 3.1 Unarmed Combat
 + Level 3.6 Spellcasting
 - Level 2.6 Transmutations


You had 9 spell levels left.
You knew the following spells:

 Your Spells              Type           Power        Failure   Level  Hunger
z - Beastly Appendage     Tmut           ##....       10%         1    None


Dungeon Overview and Level Annotations

Branches:
Dungeon (4/15)
 Temple: D:4-7

Altars:
Cheibriados
Dithmenos
Fedhas
Xom
Yredelemnul

Shops:
D:4 *

Annotations:
D:4 Dowan, Duvessa, Robin


Innate Abilities, Weirdness & Mutations

You are very small and have problems with some larger weapons.
You are too small for most types of armour.
You have supernaturally acute eyesight. (SInv)
You are a herbivore.
((You cover ground extremely quickly.))
You need consume almost no food.
You can translocate small distances at will.
((Your system is resistant to poisons. (rPois)))
You occasionally shout uncontrollably at your foes.


Message History

You feel sick. The killer bee stings you.
* * * LOW HITPOINT WARNING * * *
The killer bee stings you.
* * * LOW HITPOINT WARNING * * *
You are more poisoned.
The killer bee poisons you!
You miss the killer bee.
The killer bee is moderately wounded.
* * * LOW HITPOINT WARNING * * *
You feel sick.
The killer bee stings you but does no damage.
Okay, then.
You barely miss the killer bee.
The killer bee is moderately wounded.
* * * LOW HITPOINT WARNING * * *
You feel sick.
The killer bee stings you but does no damage. x2
You hit the killer bee.
The killer bee is severely wounded.
You die...

#.# #.# #.# #. ##
# ##.#$## ...#"
... #.# #♣# #y#
..... #y# #.∩.#
#y# ##+...#
####y### ##.(.#.#
#..WO..# ##......#
#y##.#.#
#.......##
#..#.#.#
.....(.y.####y...#
#


You could see a phantom, an ogre and 4 killer bees.

Vanquished Creatures
  A killer bee (D:4)
  A worm (D:2)
  2 dart slugs (D:2)
  A leopard gecko (D:1)
  An orc (D:3)
  3 giant cockroaches
  5 hobgoblins
  7 jackals
  2 ball pythons (D:1)
  A bat (D:1)
  2 goblins
  8 kobolds
  9 rats
43 creatures vanquished.

Notes
Turn   | Place    | Note
-------+----------+-------------------------------------------
     0 | D:1      | Grinner the Spriggan Transmuter began the quest for the Orb.
     0 | D:1      | Reached XP level 1. HP: 9/9 MP: 5/5
   641 | D:2      | Reached XP level 2. HP: 11/14 MP: 5/7
  2152 | D:2      | Reached XP level 3. HP: 16/17 MP: 6/8
  2283 | D:2      | Found a shimmering altar of Xom.
  2600 | D:2      | Found a snail-covered altar of Cheibriados.
  2631 | D:2      | Reached skill level 4 in Dodging
  2763 | D:2      | Found a basalt altar of Yredelemnul.
  2763 | D:2      | Found a blossoming altar of Fedhas.
  3431 | D:4      | Noticed Robin
  3553 | D:4      | Found Zaett's General Store.
  3553 | D:4      | Noticed Duvessa
  3553 | D:4      | Noticed Dowan
  3553 | D:4      | Noticed a killer bee
  3553 | D:4      | Noticed a killer bee
  3553 | D:4      | Noticed a killer bee
  3553 | D:4      | Noticed a killer bee
  3553 | D:4      | Noticed a killer bee
  3562 | D:4      | Found a shadowy altar of Dithmenos.
  3563 | D:4      | Gained mutation: You can translocate small distances at will. [potion of mutation]
  3563 | D:4      | Gained mutation: You occasionally shout uncontrollably at your foes. [potion of mutation]
  3563 | D:4      | Gained mutation: Your system is resistant to poisons. (rPois) [potion of mutation]
  3564 | D:4      | Noticed an ogre
  3565 | D:4      | Noticed a phantom
  3580 | D:4      | Killed a killer bee
  3580 | D:4      | Reached skill level 5 in Dodging
  3580 | D:4      | Reached XP level 4. HP: 12/21 MP: 8/10
  3584 | D:4      | HP: 1/31 [poisoned by a killer bee]
  3586 | D:4      | Succumbed to a killer bee's poison

Skill      XL: |  1  2  3 |
---------------+----------+-----
Spellcasting   | 3 |  3.6
Dodging        | 5 |  5.0
Unarmed Combat | 3 |  3.1
Fighting       | |  0.7
Transmutations | |  2.6

Action                   |  1- 3 |  4- 6 || total
-------------------------+-------+-------++-------
Melee: Unarmed           |   189 |     6 ||   195
       Kick              |    22 |       ||    22
       Headbutt          |    15 |       ||    15
       Punch             |     2 |       ||     2
 Cast: Beastly Appendage |    31 |       ||    31
  Use: Potion            |     8 |       ||     8
 Stab: Sleeping          |     4 |       ||     4
  Eat: Fruit             |     1 |       ||     1
Armor: Robe              |    18 |       ||    18
       Skin              |     4 |     6 ||    10
Dodge: Dodged            |   158 |     1 ||   159
